cohdb
Replays
Latest Replays
All Replays
Popular Replays
Top Player Replays
Match Explorer
How It Works
Community
CoH3 Stats
Reddit
Sign in to upload your games and track your stats! →
Sign in with Steam
Match 44822801
Unlisted
Match 44822801
Overview
Messages
Build Orders
End
Kradschützen Motorcycle Team
Selects Armored Support Battlegroup
Selects Armored Support Battlegroup
Panzergrenadier Squad
Panzergrenadier Squad
Construct Light Support Kompanie
Fire Support Elements
Selects Salvage Kits
Veteran Squad Leaders
Flakvierling Half-track
Selects Superior Fire Drills
Pak 38 Mechanized Group
2.5-tonne Medical Truck
Combat Half-tracks
Panzergrenadier Squad
2.5-tonne Medical Truck
Vehicle Survival Package
Construct Panzerarmee Kommand
Panzer III L Medium Tank
Selects Panzer Storm
Walking Stuka Rocket Launcher
Armored Reserves
Panzer IV Assault Group
Selects Flammpanzer III Medium Tank
Panzer III L Medium Tank
Selects Stuka Anti-tank Loiter
Emergency Repair Kits
Stuka Anti-tank Loiter
Walking Stuka Rocket Launcher
2.5-tonne Medical Truck
Tiger Heavy Tank
Panzergrenadier Squad
Selects Command Panzer IV F Medium Tank
Flak 36 Anti-tank Gun Team
Panzerpioneer Squad
Stuka Anti-tank Loiter
Rapid Advance
Panzer IV Assault Group
【POW】游骑
An.Ritter
Jeremy
JT
Scherzando
Nostalgia
NightGoDt
Chick
0
0
Comments
sign in to comment!
No comments posted yet!